 Dungeon Crawl Stone Soup version 0.29.1-1-gd02db6906a (webtiles) character file.

Game seed: 16910724520758650859

585 fireball365 the Magician (level 6, -1/44 (45) HPs)
             Began as a Demigod Earth Elementalist on Oct 5, 2022.
             Slain by a wight
             ... wielding a +1 war axe of freezing
              (2 damage)
             ... on level 5 of the Dungeon.
             The game lasted 00:18:30 (3818 turns).

fireball365 the Magician (DgEE)                     Turns: 3818, Time: 00:18:32

HP:   -1/44 (45)    AC: 14    Str: 13    XL:     6   Next: 91%
MP:   9/16          EV: 15    Int: 17    God:
Gold: 112           SH:  0    Dex: 18    Spells: 14/15 levels left

rFire   . . .      SeeInvis .   n - +0 scythe
rCold   . . .      Faith    .   (shield currently unavailable)
rNeg    . . .      Spirit   .   i - +0 ring mail
rPois   .          Reflect  .   (no helmet)
rElec   .          Harm     .   (no cloak)
rCorr   .          Rampage  .   q - +1 pair of gloves
Will    .....                   d - +2 pair of boots {Stlth+}
Stlth   ++........              (no amulet)
HPRegen 0.14/turn               g - +4 ring of protection
MPRegen 0.15/turn               c - +4 ring of evasion

@: studying Spellcasting, lightly drained
A: high MP 1, forlorn, divine attributes
a: no special abilities


You were on level 5 of the Dungeon.
You visited 1 branch of the dungeon, and saw 4 of its levels.

You collected 154 gold pieces.
You spent 42 gold pieces at shops.

Inventory:

Hand Weapons
 a - a +0 trident
 h - a +0 giant club
 k - a +0 whip
 n - a +0 scythe (weapon)
 o - a +2 dagger of venom
 s - a +0 spear
 y - a +0 mace
 z - a +0 trident
Missiles
 f - 48 stones
 C - a throwing net
Armour
 d - a +2 pair of boots of stealth (worn)
 i - a +0 ring mail (worn)
 p - a +0 ring mail
 q - a +1 pair of gloves (worn)
 A - a +0 buckler
 B - a +0 scale mail
Jewellery
 c - a +4 ring of evasion (right hand)
 g - a +4 ring of protection (left hand)
 j - a ring of flight
Scrolls
 e - a scroll of enchant armour {unknown}
 l - a scroll of fear {unknown}
 r - a scroll of acquirement {unknown}
 t - a scroll of fog {unknown}
 v - a scroll of magic mapping {unknown}
 x - 2 scrolls of amnesia {unknown}
Potions
 b - 2 potions of magic
 m - 2 potions of mutation {unknown}
 u - a potion of cancellation {unknown}
 w - a potion of heal wounds {unknown}


   Skills:
 + Level 0.2 Fighting
 + Level 0.5 Polearms
 + Level 2.1 Armour
 + Level 2.6 Dodging
 + Level 1.8 Stealth
 + Level 5.0 Spellcasting
 + Level 0.9 Transmutations
 + Level 4.9 Earth Magic


You had 14 spell levels left.
You knew the following spells:

 Your Spells              Type           Power      Damage    Failure   Level
a - Sandblast             Erth           42%        2d11      4%          1

Your spell library contained the following spells:

 Spells                   Type           Power      Damage    Failure   Level
 Passwall                 Tmut/Erth      11%        N/A       14%         2
 Slow                     Hex            16%        N/A       30%         1
 Stone Arrow              Conj/Erth      24%        3d8       32%         3
 Blink                    Tloc           8%         N/A       41%         2
 Ensorcelled Hibernation  Hex/Ice        8%         N/A       41%         2
 Spider Form              Tmut/Pois      5%         N/A       58%         3
 Confusing Touch          Hex            4%         N/A       65%         3
 Lesser Beckoning         Tloc           4%         N/A       65%         3
 Vampiric Draining        Necr           4%         2d6       65%         3
 Petrify                  Tmut/Erth      14%        N/A       65%         4
 Anguish                  Hex/Necr       2%         N/A       96%         4
 Manifold Assault         Tloc           4%         N/A       100%        5


Dungeon Overview and Level Annotations

Branches:
Dungeon (5/15)
 Temple: D:4-7

Shops:
D:1 *   D:2 !


Innate Abilities, Weirdness & Mutations

You have an increased reservoir of magic. (+10% MP)
You shall have no god before yourself.
Your divine heritage dramatically boosts your attributes as you level up.


Message History

The wight hits you but does no damage. The wight hits you with a +3 mace.
You feel drained.
The blast of sand hits the wight.
You destroy the wight!
The wight hits you but does no damage.
The wight hits you with a +1 war axe of freezing!
The wight freezes you.
* * * LOW HITPOINT WARNING * * *
Your life force feels restored.
The wight hits you but does no damage.
You barely miss the wight. The wight misses you.
You barely miss the wight. The wight misses you.
The wight hits you but does no damage.
You hit the wight.
The wight is moderately damaged.
The wight misses you.
You puncture the wight!
The wight is almost destroyed.
The wight hits you with a +1 war axe of freezing.
* * * LOW HITPOINT WARNING * * *
You feel drained. The wight freezes you.
* * * LOW HITPOINT WARNING * * *
You hit the wight but do no damage.
The wight is almost destroyed.
The wight hits you with a +1 war axe of freezing.
* * * LOW HITPOINT WARNING * * *
The wight freezes you.
* * * LOW HITPOINT WARNING * * *
The wight misses you.
You closely miss the wight.
The wight is almost destroyed.
The wight closely misses you.
You barely miss the wight.
The wight is severely damaged.
The wight hits you with a +1 war axe of freezing.
* * * LOW HITPOINT WARNING * * *
The wight freezes you.
* * * LOW HITPOINT WARNING * * *
The wight hits you with a +1 war axe of freezing.
You die...

.##.....#......#.##.##
'....... #.....#...#
#....... #....##...####.
#.#....####....#..##.....
###......#.#....)...#....#.
................)<.........
....................#.......
.#...........).....##.......
..$.......#..z@....# ......
......?...#..###.### ...##
##.....#.......#..# ..#
#..#..###.........# ... ..
##. #.......#.. . #.
##......##.. .. ....(.## ...
. .....#


You could see a wight.

Vanquished Creatures
  Sigmund (D:2)
  An ogre (D:4)
  A gnoll sergeant (D:5)
  A wight (D:5)
  2 hounds
  An orc priest (D:4)
  6 gnolls
  4 adders
  A shadow imp (D:5)
  3 orcs
  4 ball pythons
  3 bats
  An endoplasm (D:2)
  4 giant cockroaches
  3 goblins
  3 hobgoblins
  7 kobolds
  2 quokkas (D:4)
  2 frilled lizards (D:1)
  5 rats
55 creatures vanquished.

Vanquished Creatures (others)
  4 withered plants (D:1)
4 creatures vanquished.

Grand Total: 59 creatures vanquished

Notes
Turn   | Place    | Note
-------+----------+-------------------------------------------
     0 | D:1      | fireball365 the Demigod Earth Elementalist began the quest
                  | for the Orb.
     0 | D:1      | Reached XP level 1. HP: 14/14 MP: 5/5
   289 | D:1      | Reached skill level 2 in Spellcasting
   656 | D:1      | Reached XP level 2. HP: 20/20 MP: 5/7
   752 | D:1      | Found Beum's Assorted Antiques.
  1429 | D:2      | Noticed Sigmund
  1438 | D:2      | Killed Sigmund
  1439 | D:2      | Reached skill level 3 in Spellcasting
  1439 | D:2      | Reached XP level 3. HP: 20/26 MP: 3/10
  1439 | D:2      | Reached XP level 4. HP: 26/33 MP: 3/12
  1439 | D:2      | Reached XP level 5. HP: 30/38 MP: 3/13
  1517 | D:2      | Found Ikaacy's Distillery.
  1529 | D:2      | Bought a potion of curing for 42 gold pieces
  2162 | D:2      | You fall into a shaft and drop 2 floors!
  2302 | D:4      | Reached skill level 1 in Armour
  3056 | D:5      | Entered Level 5 of the Dungeon
  3106 | D:5      | Reached skill level 4 in Spellcasting
  3106 | D:5      | Reached XP level 6. HP: 35/45 MP: 10/15
  3746 | D:4      | Reached skill level 5 in Spellcasting
  3818 | D:5      | HP: 2/44 [wight/+1 war axe of freezing (3)]
  3818 | D:5      | Slain by a wight

Illustrated notes

Levels and vault maps discovered:
D:1:      saegor_arrival_simple_e, layout_loops_corners,
          ebering_ecumenical_altar_petrified, serial_shops, shop
D:2:      layout_loops_cross, serial_shops, shop_fountains, uniq_sigmund
D:4:      layout_cave_pools, nicolae_qazlal_scattered_showers,
          overflow_temple_1_default, minmay_manual_mullet
D:5:      layout_cave_pools, vehumet_altar_wand_db, kennysheep_mini_moat,
          grunt_ashenzari_visionary [grunt_ashenzari_visionary_swamp,
          grunt_ashenzari_visionary_spider], minmay_temple_entry_glassed_door

Skill      XL: |  1  2  3  4  5  6 |
---------------+-------------------+-----
Spellcasting   | 2 3 4 5 |  5.0
Earth Magic    | 3 4 |  4.9
Dodging        | 2 |  2.6
Armour         | 1 2 |  2.1
Fighting       | |  0.2
Polearms       | |  0.5
Stealth        | |  1.8
Transmutations | |  0.9

Action                   |  1- 3 |  4- 6 || total
-------------------------+-------+-------++-------
Melee: Unarmed           |    27 |       ||    27
       Dagger            |     8 |       ||     8
       Halberd           |       |    45 ||    45
 Cast: Sandblast         |    31 |    77 ||   108
  Use: Potion            |       |     4 ||     4
       Scroll            |       |     1 ||     1
Armor: Ring mail         |    20 |    48 ||    68
       Robe              |     3 |       ||     3
Dodge: Dodged            |    32 |    86 ||   118
